Erona, chaotic female elven Rogue --- --- |....@- --.h.... --....... |.......| |.......| --.....-- ---...- .... --B. G.. .. ... ... .- -- Erona the Rogue Experience level: 8 Strength: 18 Dexterity: 18 Constitution: 16 Intelligence: 9 Wisdom: 13 Charisma: 8 Health: 45(56) Energy: 38(38) Def: 20 Gold: 128 Moves: 11433 Dungeon seed: 8wfU4Q1KYZ6_tS4g Game ID: Erona_1562834566 Your Inventory: Coins $ - 128 gold pieces Weapons a - the uncursed rustproof +0 Valerian t - 13 uncursed +0 elven daggers (in quiver) V - a blessed +4 dagger named Dagger of Honor X - an uncursed rusty +2 long sword (weapon in hand) Armor n - an uncursed +1 pair of high boots (being worn) q - a blessed +2 orcish helm (being worn) z - a blessed +3 dwarvish mithril-coat (being worn) N - a blessed +3 cloak of magic resistance (being worn) Z - an uncursed +0 pair of leather gloves (being worn) Comestibles d - an uncursed cream pie j - an uncursed food ration A - an uncursed melon Scrolls Y - an uncursed scroll of create monster Potions c - an uncursed potion of see invisible W - an uncursed potion of confusion Wands f - a cursed wand of teleportation (0:6) g - a cursed wand of secret door detection (0:9) h - an uncursed wand of opening (1:6) i - a cursed wand of nothing (0:3) k - a cursed wand of speed monster (0:5) l - a cursed wand of fire (0:5) m - a cursed wand of magic missile (0:7) s - a cursed wand of magic missile (0:3) u - a cursed wand of enlightenment (0:12) x - an uncursed wand of lightning (0:4) D - an uncursed wand of teleportation (0:6) E - an uncursed wand of striking (0:5) K - an uncursed wand of speed monster (0:5) R - an uncursed wand of sleep (0:4) T - an uncursed wand of digging (0:4) Tools b - a blessed bag of holding o - an uncursed lock pick v - an uncursed oil lamp (lit) (0:851) w - a cursed +0 unicorn horn B - an uncursed blindfold Gems y - an uncursed obsidian Contents of the bag of holding: 2330 gold pieces a cursed amulet of ESP a [uncursed] [+0] knife a [uncursed] food ration a [uncursed] partly eaten food ration a [cursed] burnt partly eaten food ration a [uncursed] lembas wafer a blessed scroll of blank paper 10 uncursed scrolls of blank paper a cursed scroll of blank paper an uncursed scroll of create monster a blessed scroll of earth 2 uncursed scrolls of earth a cursed scroll of light an uncursed scroll of remove curse a blessed scroll of teleportation 2 uncursed scrolls of teleportation 4 potions of holy water a cursed ring of aggravate monster an uncursed ring of conflict an uncursed ring of conflict an uncursed ring of levitation an uncursed ring of polymorph control a cursed ring of protection from shape changers a cursed ring of regeneration an uncursed ring of teleport control a cursed ring of teleportation an uncursed ring of warning Spells and supernatural/magical abilities: Name Level Category Fail Memory W - pray for help -- divine ? -- Your skills at the end: Miscellaneous Skills shield [Basic] wands [Basic] stealth [Skilled] Weapon Skills dagger [Basic] short sword [Basic] long sword [Skilled] mace [Basic] Spellcasting Skills Final Attributes: You were piously aligned. You were sleep resistant. You were magic-protected. Your writing hand was cramped from overuse. You saw invisible. You were telepathic. You had infravision. You were invisible to others. You were very stealthy. You survived. Vanquished creatures: a ghost 2 giant mimics a small mimic 2 large dogs a large cat a leprechaun an orc-captain 2 horses a vampire bat a gnome king a gold golem a jaguar a dwarf lord 2 gnome mummies 4 water moccasins a rope golem a bugbear a baby crocodile 6 Mordor orcs 2 Uruk-hai 2 rock piercers 2 fog clouds a shrieker a violet fungus 8 gnome lords 5 gnomish wizards a red naga hatchling a ghoul 2 paper golems 2 puppies a floating eye a kitten 9 dwarves a homunculus a kobold lord 2 iguanas 9 hill orcs 5 rothes a jitterbug 3 giant bats a monkey an orc zombie 7 dwarf zombies 3 coyotes 6 hobbits 2 acid blobs 2 large kobolds 2 geckos 5 hobgoblins a giant rat 3 cave spiders 3 brown molds a red mold 23 gnomes 5 garter snakes a gnome zombie 19 jackals a fox 5 kobolds 18 newts 9 goblins 7 sewer rats 12 grid bugs 3 bats 8 lichens 3 kobold zombies 242 creatures vanquished. Voluntary challenges: You did not cause conflict. You were not invisible. You did not have reflection. You were not displaced. You used a wielded weapon 566 times, starting on turn 13. You did not apply a unicorn horn. You did not use sinks. You read items or engraved 28 times, starting on turn 807. You never genocided any monsters. You never polymorphed an object. You never changed form. You cheated 1 time but completed Sokoban on turn 8100. You used no wishes. You never split a pudding. You wrote Elbereth's name 2 times, starting on turn 807. You never violated your personal moral code. Dungeon overview: The Dungeons of Doom: levels 1 to 6 Level 1 a long staircase Level 2 stairs to The Gnomish Mines Level 3 an armor shop Level 4 (T) Level 5 some fountains Level 6 (T) stairs to Sokoban The Gnomish Mines: levels 3 to 7 Level 3 stairs to The Dungeons of Doom Level 4 Level 5 many shops, some altars to Issek, a magic chest, some fountains Level 6 Level 7 <- You were here Sokoban: levels 2 to 5 Level 2 an altar to Kos, a magic chest Level 3 a delicatessen, a magic chest Level 4 Level 5 a magic chest stairs to The Dungeons of Doom History has recorded: On T:1 you entered the Dungeons of Doom to retrieve the Amulet of Yendor! On T:313 you reached level 2 of The Dungeons of Doom. On T:538 you reached level 3 of The Dungeons of Doom. On T:545 you advanced to experience level 2. On T:701 you advanced to experience level 3. On T:1045 you reached level 4 of The Dungeons of Doom. On T:1353 you prayed to Kos. On T:1394 you advanced to experience level 4. On T:1604 you reached level 5 of The Dungeons of Doom. On T:2036 you reached level 1 of The Gnomish Mines. On T:2069 you advanced to experience level 5. On T:2528 you reached level 2 of The Gnomish Mines. On T:2743 you reached level 3 of The Gnomish Mines. On T:2812 you advanced to experience level 6. On T:2891 you entered the Minetown temple On T:2894 you opened a magic chest. On T:4533 you reached level 6 of The Dungeons of Doom. On T:4555 you advanced to experience level 7. On T:5171 you reached level 4 of Sokoban. On T:5536 you reached level 3 of Sokoban. On T:6447 you reached level 2 of Sokoban. On T:6936 you reached level 1 of Sokoban. On T:7098 you advanced to experience level 8. On T:8100 you entered the Sokoban zoo. On T:8234 you received Valerian from Kos. On T:10711 you prayed to Kos. On T:11255 you reached level 4 of The Gnomish Mines. On T:11432 you reached level 5 of The Gnomish Mines. Score breakdown: Gold: 2458 ( 245 points) Experience: 8 levels ( 700 points) Exploration: 7 levels ( 180 points) Discoveries: 49 items ( 2000 points) Variety of kills: 66 monsters ( 2000 points) Major goal: finished Sokoban ( 1000 points) Survival: quit (score multiplied by 3) Total score: 18375 Latest messages: Hello Erona, the elven Rogue, welcome back to NetHack! To quit the game, use the 'save' command (typically on 'S'). Final status: Goodbye Erona the Rogue, quit... You quit in The Gnomish Mines on dungeon level 7 with 18375 points, and 2458 pieces of gold, after 11433 moves. You were level 8 with a maximum of 56 hit points when you quit.